 Dungeon Crawl Stone Soup version 0.29-a0-559-g359e09b9d1 (webtiles) character file.

Game seed: 10023915144582069525

15321 jlumianski the Cleaver (level 12, -34/65 HPs)
             Began as a Gargoyle Fighter on June 10, 2022.
             Was a Believer of Hepliaklqana.
             Killed from afar by a frost giant (60 damage)
             ... with a bolt of cold
             ... in an ice cave.
             The game lasted 00:50:45 (10408 turns).

jlumianski the Cleaver (Gargoyle Fighter)          Turns: 10408, Time: 00:50:46

Health: -34/65     AC: 23    Str: 24    XL:     12   Next: 25%
Magic:  9/15       EV: 11    Int: 10    God:    Hepliaklqana [**....]
Gold:   694        SH:  5    Dex:  9    Spells: 9/13 levels left

rFire   . . .      SeeInvis .   a - +2 war axe
rCold   . . .      Faith    .   c - +0 buckler
rNeg    + . .      Spirit   .   R - +0 swamp dragon scales
rPois   ∞          Reflect  .   h - +2 hat {Will+}
rElec   +          Harm     .   (no cloak)
rCorr   .          Rampage  .   m - +1 pair of gloves
Will    +....                   z - +0 pair of boots
Stlth   +++.......              k - amulet of regeneration
HPRegen 1.00/turn               l - ring of flight
MPRegen 0.14/turn               (no ring)

@: flying
A: reduced essence, sickness immunity, AC +8, negative energy resistance 1,
electricity resistance, torment resistance 1, petrification resistance
a: Renounce Religion, Recall Ancestor, Ancestor Identity


You were in an ice cave.
You worshipped Hepliaklqana.
Hepliaklqana was pleased with you.
You visited 2 branches of the dungeon, and saw 12 of its levels.
You also visited: Sewer and Ice Cave.

You collected 694 gold pieces.

Inventory:

Hand Weapons
 a - a +2 war axe (weapon)
 b - a +2 whip of electrocution
 n - a +1 spectral quarterstaff
 o - the +8 dire flail "Nimpuf" {vorpal, *Rage Dex+7}
   (You took it off an ogre on level 4 of the Dungeon)

   It inflicts extra damage upon your enemies.
   Dex:       It affects your dexterity (+7).
   *Rage:     It berserks you when you make melee attacks (+20% chance).
 w - a +0 hand crossbow
 B - a +2 whip of venom
 G - a +2 flail of holy wrath
Missiles
 p - 32 poisoned darts (quivered)
 y - 7 curare-tipped darts
Armour
 c - a +0 buckler (worn)
 e - a +0 robe of the Archmagi
 h - a +2 hat of willpower (worn)
 m - a +1 pair of gloves (worn)
 q - a +1 helmet
 z - a +0 pair of boots (worn)
 D - the +1 cloak of Death's Door {Int+3 Dex-5 SInv}
   (You found it on level 5 of the Dungeon)

   Int:       It affects your intelligence (+3).
   Dex:       It affects your dexterity (-5).
   SInv:      It lets you see invisible.
 R - +0 swamp dragon scales (worn)
Jewellery
 k - an amulet of regeneration (around neck)
 l - a ring of flight (left hand)
 A - a ring of fire
Wands
 x - a wand of iceblast (2)
 H - a wand of acid (5)
 I - a wand of mindburst (6)
 M - a wand of flame (15)
 S - a wand of paralysis (6)
 U - a wand of polymorph (8)
Scrolls
 f - a scroll of torment
 g - 2 scrolls of teleportation
 r - a scroll of immolation
 s - 2 scrolls of fog
 t - a scroll of poison
 C - a scroll of noise
 F - 2 scrolls of identify
 K - 2 scrolls of silence
 P - a scroll of blinking
 Q - 2 scrolls of summoning
Potions
 d - 3 potions of might
 i - 3 potions of curing
 j - 2 potions of cancellation
 u - 7 potions of haste
 v - 2 potions of heal wounds
 E - 2 potions of brilliance
 N - a potion of attraction
 O - 2 potions of lignification


   Skills:
 + Level 8.1 Fighting
 + Level 10.7 Axes
 + Level 1.3 Throwing
 + Level 7.5 Armour
 + Level 3.7 Dodging
 * Level 7.3 Stealth
 + Level 6.5 Shields
 + Level 1.4 Spellcasting
 * Level 5.7 Summonings
 * Level 4.6 Invocations
 * Level 3.7 Evocations


You had 9 spell levels left.
You knew the following spells:

 Your Spells              Type           Power      Damage    Failure   Level
a - Summon Small Mammal   Summ           48%        N/A       6%          1
b - Call Canine Familiar  Summ           12%        N/A       17%         3

Your spell library contained the following spells:

 Spells                   Type           Power      Damage    Failure   Level
 Summon Guardian Golem    Hex/Summ       6%         N/A       50%         3
 Wereblood                Tmut           0%         N/A       67%         2
 Confusing Touch          Hex            0%         N/A       88%         3
 Portal Projectile        Hex/Tloc       0%         N/A       88%         3
 Tukima's Dance           Hex            0%         N/A       88%         3
 Leda's Liquefaction      Hex/Erth       0%         N/A       99%         4
 Olgreb's Toxic Radiance  Pois           0%         N/A       99%         4
 Petrify                  Tmut/Erth      0%         N/A       99%         4
 Blade Hands              Tmut           0%         N/A       100%        5
 Lee's Rapid Deconstruct  Erth           0%         3d5*      100%        5
 Metabolic Englaciation   Hex/Ice        0%         N/A       100%        5
 Yara's Violent Unravell  Hex/Tmut       0%         3d3       100%        5
 Dispersal                Tloc           0%         N/A       100%        6
 Enfeeble                 Hex            0%         N/A       100%        7
 Ozocubu's Refrigeration  Ice            0%         4d5       100%        7
 Summon Hydra             Summ           6%         N/A       100%        7
 Disjunction              Tloc           0%         N/A       100%        8
 Ignition                 Fire           0%         3d3       100%        8
 Sublimation of Blood     Necr           Unusable   N/A       N/A         2
 Statue Form              Tmut/Erth      Unusable   N/A       N/A         6

Dungeon Overview and Level Annotations

Branches:
Dungeon (11/15)            Temple (1/1) D:7            Lair (0/6) D:8
  Sewer (visited)           IceCv (1/1)
    Orc: D:9-12

Altars:
Ashenzari
Dithmenos
Elyvilon
Fedhas
Gozag
Hepliaklqana
Kikubaaqudgha
Makhleb
Nemelex Xobeh
Okawaru
Ru
Sif Muna
Trog
Uskayaw
Vehumet
Wu Jian
Xom
Zin

Shops:
D:1 =   D:2 (

Annotations:
D:8 3 runed translucent doors, brmiller01's ghost, novice TrBe


Innate Abilities, Weirdness & Mutations

Your life essence is reduced to manifest your ancestor. (-10% HP)
You are immune to sickness and miasma.
Your stone body is resilient. (AC +8)
You are immune to poison.
You resist negative energy. (rN+)
You are resistant to electric shocks. (rElec)
You are resistant to unholy torment.
You are immune to petrification.


Message History

You slash the death yak!
The death yak is lightly wounded.
You barely miss the wolf. The wolf bites you but does no damage.
The wolf closely misses you.
You hit the death yak.
The death yak is moderately wounded.
You barely miss the wolf. The wolf bites you but does no damage.
The death yak gores you. The wolf bites you but does no damage.
You slash the death yak!
The death yak is moderately wounded.
You hit the wolf. You block the wolf's attack. The death yak gores you!
You slash the death yak!
The death yak is heavily wounded.
You closely miss the wolf. The wolf closely misses you. The wolf bites you!
The death yak completely misses you.
Your magical contamination has completely faded away.
You hit the death yak but do no damage.
The death yak is heavily wounded.
You barely miss the wolf. The wolf bites you but does no damage.
You block the death yak's attack.
You slash the death yak!
The death yak is heavily wounded.
You hit the frost giant.
The death yak gores you but does no damage.
You hit the death yak.
The death yak is heavily wounded.
You hit the frost giant.
The frost giant points at you and mumbles some strange words.
The bolt of cold hits you!! The death yak barely misses you.
You swap places.
The death yak attacks as you move away! The death yak completely misses you.
Your quokka disappears in a puff of smoke!
Your hound bites the frost giant but does no damage.
The frost giant gestures at you while chanting.
The bolt of cold hits your hound!!!
Your hound dies!
Your hound's corpse disappears in a puff of smoke!
The bolt of cold hits you!!!
Ouch! That really hurt!
You die...

### [.# ##########
..#########...##@§Y#
....#..#...##.§R##Chh#
##....#..########


#hhhh# ≈≈.#####..# #hhh.. ≈#≈..##..## #.... ≈≈##...### ..## ######## ## You
could see the friendly Ankherfenedjef the battlemage, a frost giant, a death
yak, 8 polar bears and a wolf.

Vanquished Creatures
  Gastronok (D:8)
  A two-headed ogre (D:9)
  A death yak (IceCv)
  Pikel (D:9)
  An ugly thing (IceCv)
  An ice statue (IceCv)
  Joseph (D:8)
  Maggie (D:7)
  A gargoyle (D:9)
  2 rime drakes (D:11)
  A komodo dragon (D:7)
  3 polar bears (IceCv)
  A troll (D:11)
  Grinder (D:5)
  The ghost of turdburglar the Conjurer, an amateur HuCj of Vehumet (D:4)
  2 wyverns
  8 yaks (IceCv)
  3 steam dragons
  Edmund (D:5)
  A water moccasin (D:5)
  2 sky beasts (D:7)
  2 ice beasts
  5 ogres
  12 wolves (IceCv)
  2 lemures
  A centaur (D:7)
  7 kobold brigands
  2 necrophages
  3 bullfrogs
  2 scorpions (D:5)
  10 wights
  12 killer bees
  3 howler monkeys
  2 hounds
  3 jellies
  An orc priest (D:8)
  5 iguanas
  Natasha (thrice) (D:4)
  4 orc wizards
  Robin (D:2)
  4 gnolls (D:4)
  9 adders
  A shadow imp (D:3)
  6 white imps
  An ufetubus (D:5)
  2 worms
  A dart slug (D:1)
  12 orcs
  9 ball pythons
  6 endoplasms
  2 giant cockroaches
  12 goblins
  11 hobgoblins
  7 jackals
  33 kobolds
  2 quokkas
  13 bats
  7 frilled lizards
  10 rats
263 creatures vanquished.

Vanquished Creatures (collateral kills)
  Sonja (D:10)
  A troll (D:11)
  4 polar bears (IceCv)
  2 yaks (IceCv)
  5 wolves (IceCv)
  A lemure (D:8)
  2 killer bees (D:9)
  5 kobolds (D:9)
21 creatures vanquished.

Vanquished Creatures (others)
  5 ancestors
  3 battlemagi (IceCv)
  13 fungi (D:2)
  22 plants
  3 toadstools (D:2)
46 creatures vanquished.

Grand Total: 330 creatures vanquished

Notes
Turn   | Place    | Note
-------+----------+-------------------------------------------
     0 | D:1      | jlumianski the Gargoyle Fighter began the quest for the
                  | Orb.
     0 | D:1      | Reached XP level 1. HP: 14/14 MP: 1/1
    44 | D:1      | Found Tixteeto's Jewellery Emporium.
   135 | D:1      | Reached XP level 2. HP: 19/19 MP: 2/2
   366 | D:1      | Reached skill level 2 in Axes
   752 | D:1      | Reached XP level 3. HP: 24/24 MP: 3/3
  1309 | D:2      | Noticed Robin
  1539 | D:2      | Reached XP level 4. HP: 18/29 MP: 4/4
  2168 | D:2      | Killed Robin
  2177 | D:2      | Reached skill level 1 in Dodging
  2514 | D:2      | Found Xeg Juro's Antique Weapon Shoppe.
  2924 | D:3      | Reached XP level 5. HP: 33/33 MP: 5/5
  3101 | D:3      | Found a broken altar of Ashenzari.
  3104 | D:3      | Found a blossoming altar of Fedhas.
  3104 | D:3      | Found a shimmering blue altar of Sif Muna.
  3104 | D:3      | Found a hide-covered altar of Uskayaw.
  3104 | D:3      | Noticed an ogre
  3116 | D:3      | Killed an ogre
  3117 | D:3      | Reached skill level 3 in Axes
  3257 | D:4      | Noticed an ogre
  3266 | D:4      | Killed an ogre
  3267 | D:4      | Reached skill level 4 in Axes
  3267 | D:4      | Reached XP level 6. HP: 26/38 MP: 6/6
  3271 | D:4      | Noticed Natasha
  3273 | D:4      | Killed Natasha
  3435 | D:4      | Found a glowing drain.
  3446 | D:4      | Noticed Natasha
  3458 | D:4      | Killed Natasha
  3478 | Sewer    | Entered a sewer
  3818 | Sewer    | Reached XP level 7. HP: 42/44 MP: 7/7
  3936 | Sewer    | Reached skill level 5 in Axes
  3938 | Sewer    | Reached skill level 5 in Fighting
  3995 | D:4      | Reached skill level 5 in Armour
  4008 | D:4      | Noticed Natasha
  4016 | D:4      | Killed Natasha
  4170 | D:3      | Reached XP level 8. HP: 49/49 MP: 8/8
  4666 | D:4      | Found a transporter.
  4669 | D:4      | Identified the +8 dire flail "Nimpuf" {vorpal, *Rage Dex+7}
  4669 | D:4      | Noticed turdburglar's ghost (amateur HuCj)
  4670 | D:4      | Found a transporter.
  5127 | D:5      | Entered Level 5 of the Dungeon
  5179 | D:5      | Noticed Grinder
  5190 | D:5      | Paralysed by Grinder for 3 turns
  5199 | D:5      | Killed Grinder
  5200 | D:5      | Reached skill level 6 in Axes
  5396 | D:5      | Identified the +1 cloak of Death's Door {Int+3 Dex-5 SInv}
  5630 | D:6      | Noticed Edmund
  5765 | D:5      | Found a burning altar of Makhleb.
  5844 | D:5      | Reached skill level 7 in Axes
  5863 | D:5      | Identified the +0 pair of gloves of the Loofah {rPois
                  | Int+2}
  5868 | D:5      | Learned a level 1 spell: Summon Small Mammal
  5913 | D:5      | Reached skill level 1 in Stealth
  5913 | D:5      | Reached XP level 9. HP: 42/54 MP: 9/9
  5938 | D:5      | Reached skill level 1 in Summonings
  6053 | D:5      | Killed Edmund
  6197 | D:6      | Found a bloodstained altar of Trog.
  6265 | D:6      | Identified the +1 robe of the Slightly Bent {Harm}
  6292 | D:6      | Reached skill level 5 in Shields
  6517 | D:7      | Reached skill level 8 in Axes
  6839 | D:7      | Found a staircase to the Ecumenical Temple.
  6854 | Temple   | Entered the Ecumenical Temple
  6968 | Temple   | Became a worshipper of Hepliaklqana the Forgotten
  7020 | Temple   | Reached XP level 10. HP: 60/60 MP: 10/10
  7184 | D:7      | Noticed Maggie
  7212 | D:7      | Killed Maggie
  7492 | D:8      | Noticed Joseph
  7639 | D:8      | Reached skill level 5 in Stealth
  7647 | D:8      | Killed Joseph
  7648 | D:8      | Reached skill level 9 in Axes
  7681 | D:8      | Found a runed translucent gate.
  7682 | D:8      | Found a runed translucent gate.
  7683 | D:8      | Found a runed translucent gate.
  7696 | D:8      | Noticed brmiller01's ghost (novice TrBe)
  7793 | D:8      | Found a staircase to the Lair.
  7950 | D:8      | Reached * piety under Hepliaklqana
  7963 | D:8      | Noticed Gastronok
  7965 | D:8      | Noticed Pikel
  8008 | D:9      | Killed Pikel
  8041 | D:8      | Killed Gastronok
  8042 | D:8      | Reached skill level 1 in Invocations
  8042 | D:8      | Reached skill level 1 in Evocations
  8243 | D:8      | Reached XP level 11. HP: 60/60 MP: 12/12
  8729 | D:4      | Killed turdburglar's ghost
  9203 | D:10     | Entered Level 10 of the Dungeon
  9203 | D:10     | Noticed Sonja
  9203 | D:10     | Noticed a two-headed ogre
  9632 | D:9      | Killed a two-headed ogre
  9633 | D:9      | Reached skill level 10 in Axes
  9633 | D:9      | Reached skill level 1 in Throwing
  9679 | D:10     | Killed Sonja
  9792 | D:11     | Reached ** piety under Hepliaklqana
  9801 | D:11     | Found a frozen archway.
  9829 | IceCv    | Entered an ice cave
  9875 | IceCv    | Remembered your ancestor Ankherfenedjef as a battlemage
  9879 | IceCv    | Noticed a white ugly thing
  9898 | IceCv    | Killed a white ugly thing
  9989 | IceCv    | Reached skill level 5 in Summonings
 10057 | IceCv    | Reached skill level 1 in Spellcasting
 10126 | IceCv    | Learned a level 3 spell: Call Canine Familiar
 10148 | IceCv    | Noticed a death yak
 10149 | IceCv    | Reached XP level 12. HP: 53/65 MP: 8/15
 10157 | IceCv    | Killed a death yak
 10378 | IceCv    | Noticed a death yak
 10378 | IceCv    | Noticed a frost giant
 10408 | IceCv    | Killed from afar by a frost giant

Illustrated notes

Levels and vault maps discovered:
D:1:      eino_arrival_tree_alley, layout_loops_ring, serial_shops,
          nicolae_shop_stone, minmay_misc_feat_columns
D:2:      layout_basic, serial_shops, shop, st_stairs_2, grunt_decor_cap,
          minmay_gold_behind_fungi, minmay_misc_feat_roman, uniq_robin
D:3:      layout_basic, grunt_temple_overflow_open, minmay_misc_feat_enclosed
D:4:      layout_loops_corners, gammafunk_ghost_smash,
          cheibrodos_sewer_entry_drain, uniq_natasha
D:5:      layout_gridville, kennysheep_mini, mrwooster_statue_mirror,
          uniq_grinder
D:6:      layout_basic, mainiacjoe_overflow_brackets, uniq_edmund
D:7:      layout_rooms, minmay_temple_entry_slanted, minmay_lizard_king,
          uniq_maggie
D:8:      layout_basic, lair_entry_dummy, gammafunk_ghost_split, uniq_gastronok,
          uniq_pikel, uniq_joseph
D:9:      layout_basic
D:10:     layout_roguey, david_orc_2, serial_curves, eino_curves_02,
          eino_curves_03, eino_curves_02, eino_curves_04, uniq_sonja,
          uniq_fannar
D:11:     layout_small_grid, portal_ice_cave_rime, serial_shops,
          nicolae_shop_bloodbath_and_beyond, chequers_serial_rivers_large_b
Temple:   regret_index_temple_sphere_string
IceCv:    ice_cave_caverns_03

Skill      XL: |  1  2  3  4  5  6  7  8  9 10 11 12 |
---------------+-------------------------------------+-----
Axes           | 2 4 5 7 8 9 10 | 10.7
Dodging        | 1 2 3 |  3.7
Armour         | 4 5 6 7 |  7.5
Fighting       | 4 5 6 7 8 |  8.1
Shields        | 4 5 6 |  6.5
Stealth        | 1 3 5 6 7 |  7.3
Summonings     | 2 4 5 |  5.7
Invocations    | 1 4 |  4.6
Evocations     | 1 3 |  3.7
Throwing       | 1 |  1.3
Spellcasting   | 1 |  1.4

Action                   |  1- 3 |  4- 6 |  7- 9 | 10-12 || total
-------------------------+-------+-------+-------+-------++-------
Melee: War axe           |   139 |   222 |   344 |   402 ||  1107
       Flail             |       |       |       |    11 ||    11
Throw: Stone             |     4 |     8 |       |       ||    12
       Dart              |       |     4 |     5 |    18 ||    27
 Cast: Summon Small Mamm |       |       |       |    15 ||    15
       Call Canine Famil |       |       |       |     5 ||     5
Invok: Recall Ancestor   |       |       |       |     1 ||     1
       Ancestor Life: Ba |       |       |       |     1 ||     1
  Use: Scroll            |       |     8 |     6 |     6 ||    20
       Potion            |       |     5 |     4 |     4 ||    13
 Stab: Sleeping          |       |       |       |     5 ||     5
       Distracted        |       |       |       |     2 ||     2
Armor: Scale mail        |    93 |   177 |   153 |       ||   423
       Chain mail        |       |       |   154 |    15 ||   169
       Swamp dragon scal |       |       |       |   295 ||   295
Dodge: Dodged            |    77 |   132 |   215 |   257 ||   681
Block: Buckler           |    32 |    70 |    98 |   119 ||   319

Table legend: (Time is in decaauts)
 A = Elapsed time spent in this place.
 B = Non-inter-level travel time spent in this place.
 C = Inter-level travel time spent in this place.
 D = Time resting spent in this place.
 E = Time spent auto-exploring this place.
 F = Levels seen in this place.
 G = Mean time per level.
                   A        B        C        D        E       F      G
               +--------+--------+--------+--------+--------+-----+--------+
         Total |  10676 |  10197 |    479 |    396 |   5142 |  14 |  762.6 |
       Dungeon |   9388 |   8909 |    479 |    329 |   4846 |  11 |  853.5 |
        Temple |    184 |    184 |      0 |      0 |     69 |   1 |  184.0 |
         Sewer |    521 |    521 |      0 |      0 |     39 |   1 |  521.0 |
      Ice Cave |    581 |    581 |      0 |     67 |    188 |   1 |  581.0 |
               +--------+--------+--------+--------+--------+-----+--------+

Top non-repeatable levels by time:
     D:2: 1750 daAuts
     D:4: 1194 daAuts
     D:3: 1190 daAuts
     D:8: 1044 daAuts
     D:5: 1041 daAuts
     D:1: 926 daAuts
     D:7: 877 daAuts
     D:9: 673 daAuts
   IceCv: 581 daAuts
   Sewer: 521 daAuts
     D:6: 501 daAuts
  Temple: 184 daAuts
    D:11: 116 daAuts
    D:10: 72 daAuts
